 Dungeon Crawl Stone Soup version 0.30.1-9-gdf580d7c3d (webtiles) character file.

Game seed: 17452797527538595796

126 booth the Chopper (level 4, -8/37 HPs)
             Began as a Demonspawn Monk on Oct 9, 2023.
             Mangled by a gnoll
             ... wielding a +0 flail
              (11 damage)
             ... on level 3 of the Dungeon.
             The game lasted 00:12:31 (2142 turns).

booth the Chopper (Demonspawn Monk)                 Turns: 2142, Time: 00:12:32

Health: -8/37      AC:  4    Str: 10 (13) XL:     4   Next: 84%
Magic:  4/4        EV: 12    Int: 11 (12) God:
Gold:   236        SH:  5    Dex: 13 (15) Spells: 3/3 levels left

rFire   . . .        a - +0 hand axe
rCold   . . .        d - orb {light}
rNeg    . . .        k - +1 leather armour
rPois   .            (helmet restricted)
rElec   .            (no cloak)
rCorr   .            (no gloves)
SInv    .            (no boots)
Will    .....        g - amulet of reflection
Stlth   +            (no ring)
HPRegen 0.26/turn    (no ring)
MPRegen 0.09/turn

%: reflection
@: glowing
A: horns 1
a: no special abilities


You were on level 3 of the Dungeon.
You visited 1 branch of the dungeon, and saw 3 of its levels.

You collected 236 gold pieces.

Inventory:

Hand Weapons
 a - a +0 hand axe (weapon)
Missiles
 n - 3 poisoned darts (quivered)
Armour
 d - an orb of light (worn)
 j - a +0 ring mail
 k - a +1 leather armour (worn)
Jewellery
 g - an amulet of reflection (around neck)
Scrolls
 l - a scroll of identify
 m - a scroll of teleportation {unknown}
Potions
 b - a potion of attraction {unknown}
 c - a potion of ambrosia
 e - a potion of mutation
 i - a potion of brilliance


   Skills:
 + Level 3.7 Fighting
 * Level 3.8 Axes
 + Level 1.3 Throwing
 + Level 3.3 Dodging


You had 3 spell levels left.
You didn't know any spells.
Your spell library contained the following spells:

 Spells                   Type           Power      Damage    Failure   Level
 Apportation              Tloc           0%         N/A       43%         1
 Necrotise                Necr           0%         1d4       43%         1
 Summon Small Mammal      Summ           0%         N/A       43%         1
 Dazzling Flash           Conj/Hex       0%         N/A       82%         3
 Volatile Blastmotes      Fire/Tloc      0%         2d10      82%         3
 Iskenderun's Mystic Bla  Conj/Tloc      0%         2d3       99%         4
 Starburst                Conj/Fire      0%         6d3       100%        6


Dungeon Overview and Level Annotations

Branches:
Dungeon (3/15)

Altars:
Nemelex Xobeh

Annotations:
D:2 1 runed translucent door, Crazy Yiuf


Innate Abilities, Weirdness & Mutations

You have a pair of small horns on your head.


Message History

You hit the adder but do no damage.
The adder is severely wounded.
You hit the adder. You headbutt the adder.
You kill the adder!
Things that are here:
a +0 flail; a +0 flail; a gnoll corpse You now have 236 gold pieces (gained 15).
You see here an adder corpse.
You start resting.
Your extra speed is starting to run out.
You start resting.
You feel yourself slow down.
You start resting.
A gnoll comes into view. It is wielding a +0 flail.
Things that are here:
a +0 flail; a +0 flail; a gnoll corpse A gnoll is nearby!
A gnoll is nearby!
You hit the gnoll but do no damage. You headbutt the gnoll.
The gnoll is lightly wounded.
The gnoll hits you with a +0 flail. The gnoll barely misses you.
You hit the gnoll but do no damage. You headbutt the gnoll.
The gnoll is moderately wounded.
The gnoll hits you with a +0 flail!
You hit the gnoll but do no damage.
The gnoll is moderately wounded.
The gnoll hits you with a +0 flail.
* * * LOW HITPOINT WARNING * * *
You hit the gnoll.
The gnoll is heavily wounded.
The gnoll completely misses you.
You hit the gnoll.
The gnoll is severely wounded.
The gnoll hits you with a +0 flail.
* * * LOW HITPOINT WARNING * * *
It was a potion of degeneration.
There was something very wrong with that liquid.
You feel weakened.
You feel dopey.
You feel clumsy. The gnoll hits you with a +0 flail!
You die...

..g. #........#†)<....
....##................
..............#.......
####..................
###...........#....
#.).......#...[##
#.........#.##...
##................
#@.......<.....###
##g#).##.....###
#..#.##..#...
#.>..##..#..#
####.###g...#
##....).†.##...#
#.....##..# ##
#....######..# #.#..
#...


You could see a gnoll.

Vanquished Creatures
  3 adders
  3 gnolls (D:3)
  A worm (D:2)
  8 bats
  6 endoplasms
  A giant cockroach (D:2)
  7 goblins
  3 hobgoblins
  9 jackals
  4 kobolds
  3 quokkas
  4 ball pythons
  5 frilled lizards
  5 rats
62 creatures vanquished.

Notes
Turn   | Place    | Note
-------+----------+-------------------------------------------
     0 | D:1      | booth the Demonspawn Monk began the quest for the Orb.
     0 | D:1      | Reached XP level 1. HP: 18/18 MP: 1/1
   203 | D:1      | Gained mutation: You have a pair of small horns on your
                  | head. [demonic ancestry]
   203 | D:1      | Reached XP level 2. HP: 22/24 MP: 2/2
   612 | D:1      | Reached XP level 3. HP: 26/29 MP: 3/3
  1235 | D:2      | Found a sparkling altar of Nemelex Xobeh.
  1390 | D:2      | Found a faded altar of an unknown god.
  1482 | D:2      | Reached skill level 1 in Throwing
  1627 | D:2      | Reached XP level 4. HP: 35/35 MP: 4/4
  1953 | D:2      | Found a runed translucent door.
  1954 | D:2      | Noticed Crazy Yiuf
  2142 | D:3      | Mangled by a gnoll

Illustrated notes

Levels and vault maps discovered:
D:1:      dpeg_arrival_water_temple_mockup, layout_basic
D:2:      minmay_skewed_foursquare, layout_basic, basic_altar,
          dilly_ecumenical_altar_fadedgnrine, minmay_gold_behind_fungi,
          uniq_crazy_yiuf_cottage
D:3:      layout_rooms, uniq_grinder

Skill      XL: |  1  2  3 |
---------------+----------+-----
Axes           | 3 |  3.8
Dodging        | 3 |  3.3
Throwing       | 1 |  1.3
Fighting       | |  3.7

Action                     |  1- 3 |  4- 6 || total
---------------------------+-------+-------++-------
  Melee: Hand axe          |   132 |    42 ||   174
         Headbutt          |    26 |    12 ||    38
    Use: Scroll            |     3 |     3 ||     6
         Potion            |       |     2 ||     2
 Armour: Robe              |     8 |       ||     8
         Leather armour    |    15 |    10 ||    25
  Dodge: Dodged            |    81 |    35 ||   116
  Block: Orb               |    26 |     6 ||    32
         Reflection        |     1 |       ||     1
